 Dungeon Crawl Stone Soup version 0.22-a0-422-g9628fc8 (webtiles) character file.

17 4thArraOfDagon the Magician (level 2, -1/17 HPs)
             Began as an Octopode Wizard on May 16, 2018.
             Slain by Grinder (10 damage)
             ... on level 4 of the Dungeon.
             The game lasted 00:01:31 (339 turns).

4thArraOfDagon the Magician (Octopode Wizard)        Turns: 339, Time: 00:01:31

Health: -1/17      AC:  1    Str:  6    XL:     2   Next: 62%
Magic:  4/6        EV: 13    Int: 20    God:
Gold:   24         SH:  0    Dex: 10    Spells: 6/7 levels left

rFire    . . .     SeeInvis .   (no weapon)
rCold    . . .     Gourm    .   (no shield)
rNeg     . . .     Faith    .   a - +0 hat
rPois    .         Spirit   .   (no amulet)
rElec    .         Reflect  .   (no ring)
rCorr    .         Harm     .   (no ring)
MR       .....                  (no ring)
Stlth    +++.......             (no ring)
HPRegen  0.05/turn              (no ring)
MPRegen  0.10/turn              (no ring)
                                (no ring)
                                (no ring)

@: very slightly contaminated
A: almost no armour, stealthy swim, amphibious, 8 rings, constrict 8, camouflage
1, gelatinous body 1
a: no special abilities


You were on level 4 of the Dungeon.
You were not hungry.

You visited 1 branch of the dungeon, and saw 4 of its levels.

You collected 24 gold pieces.

Inventory:

Armour
 a - a +0 hat (worn)
Comestibles
 c - 2 rations


   Skills:
 - Level 2.0 Dodging
 - Level 2.6 Stealth
 + Level 3.2 Spellcasting
 * Level 2.1 Conjurations
   Level 1.0 Summonings
   Level 1.0 Translocations


You had 6 spell levels left.
You knew the following spells:

 Your Spells              Type           Power        Failure   Level  Hunger
a - Magic Dart            Conj           ##..         6%          1    None

Your spell library contained the following spells:

 Spells                   Type           Power        Failure   Level  Hunger
 Conjure Flame            Conj/Fire      #.......     26%         3    ###....
 Slow                     Hex            #.......     22%         2    ##.....
 Mephitic Cloud           Conj/Pois/Air  #.......     30%         3    ###....
 Blink                    Tloc           N/A          14%         2    ##.....
 Call Imp                 Summ           #.......     14%         2    ##.....


Dungeon Overview and Level Annotations

Branches:
Dungeon (4/15)
 Temple: D:4-7

Altars:

Annotations:
D:4 Grinder


Innate Abilities, Weirdness & Mutations

You cannot wear most types of armour.
You are very stealthy in the water. (Stealth+)
You are amphibious.
You can wear up to eight rings at the same time.
You can use your tentacles to constrict eight enemies at once.
Your skin changes colour to match your surroundings (Stealth+).
Your rubbery body absorbs attacks. (AC +1, EV +1)


Message History

You miscast Magic Dart.
You are very lightly contaminated with residual magic.
You feel a strange surge of energy! The giant cockroach bites you.
Grinder says, "I used to sell toenails on the black market."
Unknown command.
Casting: Magic Dart (safe; 6% risk of failure)
Confirm with . or Enter, or press ? or * to list all spells.
Aiming: Magic Dart (safe; 6% risk of failure)
Press: ? - help, Shift-Dir - straight line, f/p - Grinder
Aim: Grinder The magic dart hits Grinder.
Grinder is lightly wounded.
The giant cockroach bites you but does no damage.
Unknown command.
You closely miss Grinder. You grab Grinder.
Grinder is lightly wounded.
You constrict Grinder, but do no damage.
The giant cockroach misses you. x2; Grinder hits you!
Ouch! That really hurt!
You die...

##################
#.@5.............#
#s#######.....##.#
#r# #.###.##.# #r#
#.# #.#<.# #O# #.#
#5#### #.#######$#
#....# #...r.r##O#
####5# ######.##.#
#.## #.##l# #...


You could see Grinder, an ogre, 2 quokkas and a giant cockroach.

Vanquished Creatures
  An adder (D:4)
  A leopard gecko (D:1)
  A bat (D:1)
  2 giant cockroaches (D:1)
  A hobgoblin (D:1)
  A rat (D:2)
7 creatures vanquished.

Notes
Turn   | Place    | Note
-------+----------+-------------------------------------------
     0 | D:1      | 4thArraOfDagon the Octopode Wizard began the quest for the Orb.
     0 | D:1      | Reached XP level 1. HP: 11/11 MP: 4/4
   120 | D:1      | Reached XP level 2. HP: 13/17 MP: 3/6
   242 | D:4      | Noticed Grinder
   265 | D:4      | Noticed a howler monkey
   268 | D:4      | Noticed an ogre
   327 | D:4      | Paralysed by Grinder for 3 turns
   331 | D:4      | Paralysed by Grinder for 6 turns
   339 | D:4      | Slain by Grinder

Vault maps used:
D:1:      mrwooster_arrival_statue_3, minmay_hexomino_c4
D:2:      bloody_trog, grunt_temple_overflow_order_and_chaos_2,
          uniq_crazy_yiuf_cottage
D:3:      kb_forest_paths
D:4:      lemuel_round_altar, first_ration, st_stairs_4, uniq_grinder

Skill      XL: |  1  2 |
---------------+-------+-----
Conjurations   | 2 |  2.1
Dodging        | |  2.0
Stealth        | |  2.6
Spellcasting   | |  3.2
Summonings     | |  1.0
Translocations | |  1.0

Action                   || total
-------------------------++-------
Melee: Unarmed           ||    14
       Constrict         ||     5
 Cast: Magic Dart        ||    15
  Use: Potion            ||     3
       Scroll            ||     1
Armor: Skin              ||     5
Dodge: Dodged            ||    31

Table legend:
 A = Spawn XP
 B = Non-spawn XP
 C = Spawn XP percentage of total XP
 D = Spawn monster count
 E = Non-spawn monster count
 F = Spawn count percentage of total count
 G = Total turns spent on level
                    A         B        C        D         E        F      G
               +---------+---------+-------+---------+---------+-------+---------
         Total |       0 |      25 |   0.0 |       0 |       7 |   0.0 |   339
               +---------+---------+-------+---------+---------+-------+---------
           D:1 |       0 |      11 |   0.0 |       0 |       5 |   0.0 |   142
           D:2 |       0 |       1 |   0.0 |       0 |       1 |   0.0 |    47
           D:4 |       0 |      13 |   0.0 |       0 |       1 |   0.0 |   100
               +---------+---------+-------+---------+---------+-------+---------
